 Dungeon Crawl Stone Soup version 0.29.1-2-gbd0b4ee654 (webtiles) character file.

Game seed: 2029501652131599926

95 jamesblauser the Stinger (level 4, -4/24 HPs)
             Began as a Tengu Venom Mage on Nov 5, 2022.
             Engulfed by a cloud of poison gas (9 damage)
             ... on level 3 of the Dungeon.
             The game lasted 00:21:36 (2578 turns).

jamesblauser the Stinger (Tengu Venom Mage)         Turns: 2578, Time: 00:21:37

Health: -4/24      AC:  5    Str:  8    XL:     4   Next: 65%
Magic:  8/8        EV: 10    Int: 15    God:
Gold:   130        SH:  0    Dex: 17    Spells: 0/7 levels left

rFire   . . .      SeeInvis .   d - +1 long sword
rCold   . . .      Faith    .   (no shield)
rNeg    . . .      Spirit   .   c - +0 ring mail
rPois   .          Reflect  .   (helmet restricted)
rElec   .          Harm     .   (no cloak)
rCorr   .          Rampage  .   (no gloves)
Will    .....                   (boots unavailable)
Stlth   +.........              (no amulet)
HPRegen 0.08/turn               (no ring)
MPRegen 0.11/turn               (no ring)

@: lethally poisoned (-4 -> -41), about to teleport
A: beak, talons 3
a: no special abilities


You were on level 3 of the Dungeon.
You visited 1 branch of the dungeon, and saw 3 of its levels.

You collected 130 gold pieces.

Inventory:

Hand Weapons
 d - a +1 long sword (weapon)
Armour
 a - a +0 robe
 c - a +0 ring mail (worn)
Jewellery
 l - a +6 ring of strength
Wands
 i - a wand of roots (6)
Scrolls
 g - 2 scrolls of enchant weapon
 h - 2 scrolls of vulnerability
 j - 2 scrolls of identify
Potions
 b - a potion of magic
 e - a potion of lignification


   Skills:
 + Level 0.5 Long Blades
 + Level 1.2 Armour
 + Level 2.3 Dodging
 + Level 2.0 Stealth
 + Level 2.4 Spellcasting
 + Level 1.7 Transmutations
 + Level 4.0 Poison Magic


You couldn't memorise any spells.
You knew the following spells:

 Your Spells              Type           Power      Damage    Failure   Level
a - Sting                 Tmut/Pois      40%        1d5       19%         1
b - Poisonous Vapours     Pois/Air       14%        N/A       38%         2
c - Olgreb's Toxic Radia  Pois           14%        N/A       75%         4

Your spell library contained the following spells:

 Spells                   Type           Power      Damage    Failure   Level
 Mephitic Cloud           Conj/Pois/Air  5%         N/A       73%         3
 Dazzling Flash           Conj/Hex       2%         N/A       88%         3
 Ozocubu's Armour         Ice            1%         N/A       88%         3
 Agony                    Necr           1%         N/A       100%        5
 Silence                  Hex/Air        0%         N/A       100%        5
 Ozocubu's Refrigeration  Ice            0%         4d7       100%        7


Dungeon Overview and Level Annotations

Branches:
Dungeon (3/15)

Altars:


Innate Abilities, Weirdness & Mutations

You have a beak for a mouth.
You have claws for feet.


Message History

Found a jade ring.
There is a stone staircase leading up here.
Found a scroll of teleportation.
l - a +6 ring of strength The air fills with toxic fumes!
As you read the scroll labelled SEDIME DIGENT, it crumbles to dust.
It was a scroll of poison.
Really walk into that cloud of poison gas? [Y]es or [N]o only, please.
Really walk into that cloud of poison gas?
Okay, then.
As you read the scroll of teleportation, it crumbles to dust.
You feel strangely unstable.
Partly explored, can't reach some items and places.
Partly explored, can't reach some items and places.
Partly explored, can't reach some items and places.
Partly explored, can't reach some items and places.
Partly explored, can't reach some items and places.
Partly explored, can't reach some items and places.
Partly explored, can't reach some items and places.
Partly explored, can't reach some items and places.
Partly explored, can't reach some items and places.
Partly explored, can't reach some items and places.
Partly explored, can't reach some items and places.
Really walk into that cloud of poison gas? [Y]es or [N]o only, please.
Really walk into that cloud of poison gas? [Y]es or [N]o only, please.
Really walk into that cloud of poison gas?
You are engulfed in poison gas.
You are poisoned.
You feel very sick.
You are engulfed in poison gas.
You are lethally poisoned!
* * * LOW HITPOINT WARNING * * *
You feel very sick.
There is a stone staircase leading up here.
You're standing in a cloud of poison gas!
You are engulfed in poison gas.
You are more poisoned.
You die...

#### ## #§§§ §#
#§§§ §# #§§§ §#
# #.§§#§#.##.#
#..§.§...?.#
#.#.##§#####...
#....§§@.....#
###.########+#
#


There were no monsters in sight!

Vanquished Creatures
  2 adders (D:2)
  3 gnolls (D:2)
  A dart slug (D:1)
  7 ball pythons
  6 endoplasms
  3 giant cockroaches (D:1)
  2 goblins (D:2)
  3 hobgoblins (D:1)
  5 kobolds
  4 quokkas
  5 bats
  5 frilled lizards
  A rat (D:2)
47 creatures vanquished.

Notes
Turn   | Place    | Note
-------+----------+-------------------------------------------
     0 | D:1      | jamesblauser the Tengu Venom Mage began the quest for the
                  | Orb.
     0 | D:1      | Reached XP level 1. HP: 10/10 MP: 4/4
   397 | D:1      | Reached XP level 2. HP: 15/15 MP: 4/6
   633 | D:1      | Reached skill level 1 in Transmutations
  1276 | D:1      | Reached XP level 3. HP: 19/19 MP: 5/7
  1727 | D:2      | Learned a level 2 spell: Poisonous Vapours
  2047 | D:2      | Reached XP level 4. HP: 24/24 MP: 3/8
  2368 | D:2      | Reached skill level 4 in Poison Magic
  2369 | D:2      | Reached skill level 1 in Armour
  2432 | D:2      | Learned a level 4 spell: Olgreb's Toxic Radiance
  2578 | D:3      | Engulfed by a cloud of poison gas

Illustrated notes

Levels and vault maps discovered:
D:1:      amcnicky_arrival_feature_with_door, layout_basic, serial_park_tiny_1
D:2:      layout_basic
D:3:      layout_basic, mainiacjoe_overflow_alcove_1,
          mainiacjoe_overflow_alcove_2, hellmonk_ecumenical_altar_slurped_away,
          portal_sewer_entry_f, serial_shops, nicolae_shop_advertising_works
          [nicolae_subvault_shop_adworks], minmay_large_rounded_square

Skill      XL: |  1  2  3  4 |
---------------+-------------+-----
Transmutations | 1 |  1.7
Poison Magic   | 4 |  4.0
Armour         | 1 |  1.2
Long Blades    | |  0.5
Dodging        | |  2.3
Stealth        | |  2.0
Spellcasting   | |  2.4

Action                   |  1- 3 |  4- 6 || total
-------------------------+-------+-------++-------
Melee: Long sword        |    41 |     7 ||    48
       Kick              |    13 |     1 ||    14
       Peck              |     3 |       ||     3
 Cast: Sting             |    51 |     4 ||    55
       Olgreb's Toxic Ra |       |     1 ||     1
Evoke: Wand              |       |     3 ||     3
  Use: Potion            |     5 |     1 ||     6
       Scroll            |     3 |     4 ||     7
Armor: Ring mail         |    28 |     4 ||    32
Dodge: Dodged            |    49 |     5 ||    54
